 Dungeon Crawl Stone Soup version 0.31.0-1-g2c135a008e (webtiles) character file.

Game seed: 16325387827869772558

18 Amplified the Ducker (level 2, 0/23 HPs)
             Began as a Minotaur Alchemist on Jan 20, 2024.
             Slain by Natasha (4 damage)
             ... on level 1 of the Dungeon.
             The game lasted 00:00:45 (1141 turns).

Amplified the Ducker (Minotaur Alchemist)           Turns: 1141, Time: 00:00:46

Health: 0/23       AC:  2    Str: 12    XL:     2   Next: 51%
Magic:  3/3        EV: 12    Int: 12    God:
Gold:   63         SH:  0    Dex: 10    Spells: 2/3 levels left

rFire   . . .        f - +0 great sword
rCold   . . .        (shield currently unavailable)
rNeg    . . .        a - +0 robe
rPois   .            (helmet restricted)
rElec   .            (no cloak)
rCorr   .            (no gloves)
SInv    .            (no boots)
Will    .....        (no amulet)
Stlth   ++           (no ring)
HPRegen 0.23/turn    (no ring)
MPRegen 0.08/turn

%: no passive effects
@: attractive, invisible
A: horns 2, retaliatory headbutt
a: no special abilities


You were on level 1 of the Dungeon.
You visited 1 branch of the dungeon, and saw 2 of its levels.

You collected 63 gold pieces.

Inventory:

Hand Weapons
 f - a +0 great sword (weapon)
Missiles
 h - 4 javelins
Armour
 a - a +0 robe (worn)
Scrolls
 c - 2 scrolls of fear {unknown}
 d - a scroll of identify {unknown}
Potions
 b - 2 potions of magic


   Skills:
 * Level 1.5 Fighting
 * Level 1.2 Long Blades
 * Level 1.4 Armour
 - Level 2.1 Dodging
 - Level 1.5 Stealth
 - Level 1.3 Spellcasting
 - Level 0.6 Conjurations
 - Level 2.1 Alchemy


You had 2 spell levels left.
You knew the following spells:

 Your Spells              Type           Power      Damage    Failure   Level
a - Sting                 Conj/Alch      16%        1d4       17%         1

Your spell library contained the following spells:

 Spells                   Type           Power      Damage    Failure   Level
 Mercury Vapours          Alch/Air       6%         N/A       28%         2
 Mephitic Cloud           Conj/Alch/Air  3%         N/A       52%         3
 Olgreb's Toxic Radiance  Alch           6%         N/A       75%         4
 Sticky Flame             Fire/Alch      3%         2d4       88%         4


Dungeon Overview and Level Annotations

Branches:
Dungeon (2/15)

Altars:

Annotations:
D:1 Natasha


Innate Abilities, Weirdness & Mutations

You have a pair of horns on your head.
You reflexively headbutt those who attack you in melee.


Message History

Your Long Blades skill increases to level 1!
Your Armour skill increases to level 1!
You have reached level 2!
Unknown command.
The ribbon worm bites you.
There is a stone staircase leading down, spattered with blood here.
You slash the ribbon worm!
The ribbon worm is almost dead.
The ribbon worm closely misses you.
The ribbon worm expels a string of sticky webbing.
The stream of webbing hits you but does no damage.
You are caught in a web!
The ribbon worm bites you.
Unknown command.
The ribbon worm closely misses you.
You hit the ribbon worm.
The ribbon worm is almost dead.
You feel yourself speed up. The ribbon worm closely misses you.
You furiously retaliate!
You headbutt the ribbon worm, but do no damage.
The ribbon worm barely misses you.
You hit the ribbon worm.
You kill the ribbon worm!
There is a stone staircase leading down, spattered with blood here.
You climb downwards.
Level annotation: Natasha The ball python closely misses you. x2
There is a stone staircase leading up here.
You barely miss the ball python. The ball python misses you.
The ball python closely misses you. Natasha claws you!
* * * LOW HITPOINT WARNING * * *
The ball python misses you.
You climb upwards.
There is a stone staircase leading down, spattered with blood here.
Unknown command.
It was a potion of attraction.
You feel attractive to monsters. Natasha claws you.
You die...
Natasha begins licking her fur clean.

#.#.## #############
#.#.# #...........#
#.#.# #...........#
#.#'## #...........#
#..... #...........#
#..... #....########
#.....
#....##########.#.##
#####.h@................
#.....S........######.##
#........#.....# #.##
#........##....# #.##
#........##....# #.##
#......####....######...
#......# #........##...
#......# #....###......
#......# #....# ####...


You could see Natasha and a ball python (unable to see you).

Vanquished Creatures
  An adder (D:1)
  A ribbon worm (D:1)
  A bat (D:1)
  An endoplasm (D:1)
  A ball python (D:1)
  2 frilled lizards (D:1)
  A kobold (D:1)
8 creatures vanquished.

Notes
Turn   | Place    | Note
-------+----------+-------------------------------------------
     0 | D:1      | Amplified the Minotaur Alchemist began the quest for the
                  | Orb.
     0 | D:1      | Reached XP level 1. HP: 14/14 MP: 1/1
  1120 | D:2      | Noticed Natasha
  1120 | D:2      | Found a faded altar of an unknown god.
  1129 | D:1      | Reached skill level 1 in Fighting
  1129 | D:1      | Reached skill level 1 in Long Blades
  1129 | D:1      | Reached skill level 1 in Armour
  1129 | D:1      | Reached XP level 2. HP: 14/23 MP: 3/3
  1141 | D:1      | Slain by Natasha

Illustrated notes

Levels and vault maps discovered:
D:1:      dpeg_arrival_refuge, layout_basic, minmay_quantized
D:2:      layout_rooms, basic_ecumenical_altar, chequers_big_river,
          chequers_garden, minmay_lizard_pond, uniq_natasha

Skill      XL: |  1 |
---------------+----+-----
Fighting       | 1 |  1.5
Long Blades    | 1 |  1.2
Armour         | 1 |  1.4
Dodging        | |  2.1
Stealth        | |  1.5
Spellcasting   | |  1.3
Conjurations   | |  0.6
Alchemy        | |  2.1

Action                     || total
---------------------------++-------
  Melee: Great sword       ||    12
         Unarmed           ||     7
         Headbutt          ||     4
    Use: Potion            ||     2
         Scroll            ||     1
   Stab: Sleeping          ||     2
 Armour: Robe              ||    12
  Dodge: Dodged            ||    32
